 Dungeon Sprint DCSS version 0.31-a0-963-ga325b2283a (webtiles) character file.

Game seed: 14507398610668659310

30797 rocky1 the Wrestler (level 13, -34/87 (92) HPs)
             Began as a Tengu Shapeshifter on Oct 25, 2023.
             Was an Initiate of Gozag.
             Killed from afar by a shadow dragon (35 damage)
             ... with a bolt of negative energy
             ... in the Dungeon (Sprint VII: "The Pits").
             The game lasted 00:15:16 (2526 turns).

rocky1 the Wrestler (Tengu Shapeshifter)            Turns: 2526, Time: 00:15:18

HP:   -34/87 (92)   AC: 20    Str: 19    XL:     13   Next: 54%
MP:   14/14         EV: 16    Int: 11    God:    Gozag
Gold: 631           SH:  0    Dex: 14    Spells: 12/12 levels left

rFire   + +          .
                       - Unarmed
rCold   + . .        (no shield)
rNeg    . . .        n - +3 plate armour of Zewnut {Rampage rF+ Stlth+}
rPois   +            (helmet currently unavailable)
rElec   +            (cloak currently unavailable)
rCorr   +            (gloves currently unavailable)
SInv    .            (boots unavailable)
Will    ++...        (no amulet) Stlth
                     z - ring of poison resistance
HPRegen 0.34/turn    A - ring of willpower
MPRegen 0.14/turn

%: no teleportation, acrobat, rampage
@: mighty, beast-form, resistant, enlightened, flying, hasted, drained,
invisible, very quick
A: beast (slay +4), flying, beak, talons 3, evasive flight, acrobatic
a: Begin Untransformation, Renounce Religion, Potion Petition, Call Merchant,
Bribe Branch


You were in the Dungeon.
You worshipped Gozag.
Gozag was pleased with you.
You were a hulking beast.
You visited 1 branch You collected 9003 gold pieces.
You spent 3018 gold pieces at shops.
You paid 5354 gold pieces to Gozag.

Inventory:

Missiles
 F - 4 atropa-tipped darts (quivered)
Armour
 a - a +0 animal skin
 n - the +3 plate armour of Zewnut (worn) {Rampage rF+ Stlth+}
   (You bought it in a shop in the Dungeon)

   rF+:       It protects you from fire.
   Rampage:   It bestows one free step when moving towards enemies.
   Stlth+:    It makes you more stealthy.
 o - a +3 chain mail
 t - a +4 chain mail
Jewellery
 p - a +3 ring of protection
 q - a +3 ring of strength
 z - a ring of poison resistance (left hand)
 A - a ring of willpower (right hand)
 B - a +6 ring of intelligence
Talismans
 c - a beast talisman
 d - a flux talisman
Wands
 C - a wand of iceblast (3)
Scrolls
 j - 3 scrolls of blinking
 k - 3 scrolls of fog
 l - 2 scrolls of vulnerability
 m - 5 scrolls of amnesia
 u - a scroll of fear
 v - 3 scrolls of enchant weapon
 x - a scroll of identify
 y - a scroll of summoning
 D - a scroll of poison
 E - a scroll of immolation
 G - a scroll of revelation
Potions
 b - a potion of lignification
 e - 5 potions of curing
 f - 4 potions of heal wounds
 h - 4 potions of magic
 i - a potion of berserk rage
 r - a potion of brilliance
 s - 3 potions of mutation
 w - 2 potions of might


   Skills:
 + Level 15.2 Fighting
 + Level 15.4 Armour
 + Level 16.2 Dodging
 * Level 24.6 Unarmed Combat
 + Level 12.9 Shapeshifting


You had 12 spell levels left.
You didn't know any spells.
Your spell library contained the following spells:

 Spells                   Type           Power      Damage    Failure   Level
 Slow                     Hex            0%         N/A       99%         1
 Confusing Touch          Hex            0%         N/A       100%        3
 Sigil of Binding         Hex            0%         N/A       100%        3
 Vampiric Draining        Necr           0%         2d6       100%        3


Dungeon Overview and Level Annotations

Branches:
Dungeon (1/1)

Altars:
Ashenzari
Cheibriados
Dithmenos
Elyvilon
Fedhas
Gozag
Hepliaklqana
Kikubaaqudgha
Makhleb
Nemelex Xobeh
Okawaru
Qazlal
Ru
Sif Muna
Trog
Uskayaw
Vehumet
Wu Jian
Xom
Yredelemnul
Zin
The Shining One
Jiyva
Lugonu

Shops:
D :***

Annotations:
D Boris, Donald, Frances


Innate Abilities, Weirdness & Mutations

You are a hulking beast.
Your limbs bulge with bestial killing power. (Slay +4)
You are flying.
You have a beak for a mouth.
You have claws for feet.
Your magical flight helps you evade attacks. (EV +4)
You can magically evade attacks while moving or waiting.


Message History

Frances shouts!
Unknown command.
Found Yqim's Omnibus of Shapeshifting and the Legion and a book of Scorching.
The shadow dragon is no longer distracted by gold.
Things that are here:
117 gold pieces; a +0 whip; a +0 robe You hit the naga mage.
The naga mage is no longer distracted by gold.
Your punch misses the naga mage.
The naga mage is lightly wounded.
The naga mage spits poison at you. The splash of poison hits you. You resist.
You hear a shout!
You pummel the naga mage!! Your kick misses the naga mage.
The naga mage is severely wounded.
You pummel the naga mage!!
You kill the naga mage!
Found the Unrestrained Analects and a manual of Polearms.
Things that are here:
180 gold pieces; a +0 halberd Something unexpectedly blocks you, preventing you from rampaging!
You pummel something!! You claw something! You peck something.
Something unexpectedly blocks you, preventing you from rampaging!
You pummel something!! You claw something. Your peck misses something.
You hear some strange, mumbled words.
An iron shot appears from out of thin air!
The iron shot hits you!!!
You hit something. Your punch misses something.
The arcanist casts a spell at you.
Frances is no longer distracted by gold.
Frances resists with almost no effort.
You pummel something!! Your kick misses something.
You hear some strange, mumbled words.
A bolt of cold appears from out of thin air!
The bolt of cold misses you. The bolt of cold hits you!! You resist.
* * * LOW HITPOINT WARNING * * *
The shadow dragon breathes negative energy at you.
The bolt of negative energy hits you!!
You feel drained.
You die...
Your body crumbles into a pile of gold.

********##########''#
##*,,,,**,..#.#.#.....#
.#*,,,,*,,#.......#.$##
.#*,,,+*,**#.D...###.:#
.#*,,**,,,*,,.....#$$##
.#*****,,***,.#D.###.:#
##*,,,*,,,*,,*##.$#$.:#
.#*,,,+,,,,,,,#..$...:#
##*,,,*,,,*,,*##h$#.$:#
.#*****,,***,,#{.###.:#
[#*,,**,,,*,,..@..*..##
.#*,,,+*,**#..p..###.:*
.#*,,,,*,,#.......*..##
##*,,,,**:::#:#:#:,:##
*******#######*#*#*


You could see Frances, a shadow dragon (catching breath) and an arcanist (fast,
unable to see you).

Vanquished Creatures
  Saint Roka (D)
  2 liches (D)
  A draconian monk (D)
  2 deep elf sorcerers (D)
  A balrug (D)
  A draconian shifter (D)
  An ophan (D)
  A deep elf demonologist (D)
  A yellow draconian (D)
  A deep elf high priest (D)
  A spriggan air mage (D)
  A hydra (D)
  A hell beast (D)
  2 ogre magi (D)
  A boulder beetle (D)
  A merfolk aquamancer (D)
  2 alligator snapping turtles (D)
  A catoblepas (D)
  4 two-headed ogres (D)
  A swamp dragon (D)
  An orc sorcerer (D)
  3 naga magi (D)
  A smoke demon (D)
  A gargoyle (D)
  2 unseen horrors (D)
  A molten gargoyle (D)
  A cane toad (D)
  A rime drake (D)
  A komodo dragon (D)
  An efreet (D)
  A merfolk (D)
  A troll (D)
  A hellwing (D)
  A tarantella (D)
  A blink frog (shapeshifter) (D)
  2 glass eyes (D)
  2 hornets (D)
  7 dream sheep (D)
  A shadow (D)
  A spriggan (D)
  2 ynoxinuls (D)
  4 water elementals (D)
  Grum (D)
  Eustachio (D)
  A redback (D)
  2 wargs (D)
  A water moccasin (D)
  A small abomination (D)
  An orc warrior (D)
  A swamp drake (D)
  3 ogres (D)
  2 wolves (D)
  A centaur (D)
  A phantom (D)
  Blork the orc (D)
  A bullfrog (D)
  A necrophage (D)
  A killer bee (D)
  A crimson imp (D)
  5 orc priests (D)
  Jessica (D)
  3 orc wizards (D)
  A hell rat (D)
  A mummy (D)
  A river rat (D)
  2 white imps (D)
  2 ufetubi (D)
  8 orcs (D)
  A bat (D)
  A bat zombie (D)
  3 giant cockroaches (D)
  2 goblins (D)
  3 jackals (D)
  A ball python (D)
  A ball python skeleton (D)
  2 frilled lizards (D)
  2 rats (D)
125 creatures vanquished.

Vanquished Creatures (collateral kills)
  2 killer bees (D)
2 creatures vanquished.

Vanquished Creatures (others)
  An orc warrior (D)
  2 orcs (D)
3 creatures vanquished.

Grand Total: 130 creatures vanquished

Notes
Turn   | Place    | Note
-------+----------+-------------------------------------------
     0 | D        | rocky1 the Tengu Shapeshifter began the quest for the Orb.
     0 | D        | Reached XP level 1. HP: 12/12 MP: 2/2
    11 | D        | Noticed a glass eye
    45 | D        | Killed a glass eye
    46 | D        | Reached skill level 5 in Fighting
    46 | D        | Reached skill level 5 in Dodging
    46 | D        | Reached skill level 8 in Unarmed Combat
    46 | D        | Reached XP level 2. HP: 21/21 MP: 3/3
    46 | D        | Reached XP level 3. HP: 26/26 MP: 4/4
    46 | D        | Reached XP level 4. HP: 31/31 MP: 5/5
    46 | D        | Reached XP level 5. HP: 35/35 MP: 6/6
    50 | D        | Found a bloodstained altar of Trog.
    50 | D        | Found a shimmering blue altar of Sif Muna.
    50 | D        | Found a viscous altar of Jiyva.
    50 | D        | Found a hazy altar of Hepliaklqana.
    50 | D        | Found an opulent altar of Gozag.
    52 | D        | Found a glowing golden altar of the Shining One.
    52 | D        | Found a glowing silver altar of Zin.
    52 | D        | Found a basalt altar of Yredelemnul.
    52 | D        | Found a shimmering altar of Xom.
    52 | D        | Found an ornate altar of the Wu Jian Council.
    52 | D        | Found a sacrificial altar of Ru.
    52 | D        | Found a stormy altar of Qazlal.
    52 | D        | Found an iron altar of Okawaru.
    52 | D        | Found a sparkling altar of Nemelex Xobeh.
    52 | D        | Found a burning altar of Makhleb.
    52 | D        | Found a blossoming altar of Fedhas.
    52 | D        | Found a white marble altar of Elyvilon.
    52 | D        | Found a shadowy altar of Dithmenos.
    52 | D        | Found a snail-covered altar of Cheibriados.
    55 | D        | Found a corrupted altar of Lugonu.
    55 | D        | Found a radiant altar of Vehumet.
    56 | D        | Found an ancient bone altar of Kikubaaqudgha.
    56 | D        | Found a hide-covered altar of Uskayaw.
    56 | D        | Found a broken altar of Ashenzari.
    59 | D        | Became a worshipper of Gozag Ym Sagoz the Greedy
   201 | D        | Reached skill level 5 in Shapeshifting
   358 | D        | Reached skill level 9 in Unarmed Combat
   358 | D        | Reached XP level 6. HP: 28/40 MP: 7/7
   460 | D        | Noticed a warg
   471 | D        | Killed a warg
   472 | D        | Reached skill level 10 in Unarmed Combat
   719 | D        | Noticed Jessica
   730 | D        | Gained mutation: Your magical flight helps you evade
                  | attacks. (EV +4) [Tengu growth]
   730 | D        | Reached XP level 7. HP: 40/47 MP: 8/8
   733 | D        | Killed Jessica
   765 | D        | Noticed a glass eye
   769 | D        | Killed a glass eye
   770 | D        | Reached skill level 11 in Unarmed Combat
   781 | D        | Noticed a five-headed hydra
   786 | D        | Killed a five-headed hydra
   787 | D        | Reached skill level 12 in Unarmed Combat
   787 | D        | Reached XP level 8. HP: 33/54 MP: 9/9
   808 | D        | Noticed a hellwing
   816 | D        | Reached skill level 13 in Unarmed Combat
   823 | D        | Killed a hellwing
   824 | D        | Reached XP level 9. HP: 43/60 MP: 10/10
   980 | D        | Bought a manual of Unarmed Combat for 1200 gold pieces
   984 | D        | Noticed an alligator snapping turtle
  1009 | D        | Killed an alligator snapping turtle
  1010 | D        | Reached skill level 10 in Dodging
  1010 | D        | Reached skill level 15 in Unarmed Combat
  1216 | D        | Noticed a hornet
  1220 | D        | Killed a hornet
  1235 | D        | Noticed a cane toad
  1241 | D        | Killed a cane toad
  1242 | D        | Reached skill level 16 in Unarmed Combat
  1266 | D        | Noticed a catoblepas
  1275 | D        | Killed a catoblepas
  1276 | D        | Reached skill level 10 in Fighting
  1276 | D        | Reached skill level 17 in Unarmed Combat
  1276 | D        | Reached XP level 10. HP: 40/68 MP: 11/11
  1479 | D        | Killed an unseen horror
  1480 | D        | Reached skill level 18 in Unarmed Combat
  1481 | D        | Noticed Eustachio
  1493 | D        | Killed Eustachio
  1494 | D        | Noticed a boulder beetle
  1501 | D        | Noticed a molten gargoyle
  1519 | D        | Killed a boulder beetle
  1520 | D        | Reached skill level 10 in Armour
  1520 | D        | Reached skill level 19 in Unarmed Combat
  1520 | D        | Killed a molten gargoyle
  1656 | D        | Bought a scroll of blinking for 127 gold pieces
  1656 | D        | Bought the +3 plate armour of Zewnut {Rampage rF+ Stlth+}
                  | for 931 gold pieces
  1682 | D        | Noticed Saint Roka
  1682 | D        | Noticed an orc sorcerer
  1682 | D        | Noticed a swamp dragon
  1682 | D        | Noticed a two-headed ogre
  1697 | D        | Killed an orc sorcerer
  1703 | D        | Killed a two-headed ogre
  1704 | D        | Reached XP level 11. HP: 40/74 MP: 12/12
  1707 | D        | Killed a swamp dragon
  1708 | D        | Reached skill level 20 in Unarmed Combat
  1727 | D        | Killed Saint Roka
  1728 | D        | Reached skill level 10 in Shapeshifting
  1782 | D        | Noticed a two-headed ogre
  1782 | D        | Noticed Blork the orc
  1788 | D        | Killed Blork the orc
  1797 | D        | Reached skill level 21 in Unarmed Combat
  1814 | D        | Noticed a two-headed ogre
  1815 | D        | Noticed an ogre mage
  1818 | D        | Noticed a two-headed ogre
  1832 | D        | Killed a two-headed ogre
  1832 | D        | Paralysed by something for 3 turns
  1839 | D        | Killed a two-headed ogre
  1842 | D        | Killed an ogre mage
  1843 | D        | Reached XP level 12. HP: 60/82 MP: 13/13
  1844 | D        | Killed a two-headed ogre
  2049 | D        | Noticed an orc high priest
  2049 | D        | Noticed a fire dragon
  2049 | D        | Noticed a spriggan defender
  2049 | D        | Noticed an alligator snapping turtle
  2049 | D        | Noticed a yellow draconian
  2049 | D        | Noticed Donald
  2049 | D        | Noticed an orc high priest
  2049 | D        | Noticed a merfolk javelineer
  2051 | D        | Bought a copper wand for 148 gold pieces
  2051 | D        | Bought a scroll of identify for 74 gold pieces
  2051 | D        | Bought a scroll labelled SAITWI RIRU for 37 gold pieces
  2051 | D        | Bought a scroll labelled ZAMOXA KORIY for 37 gold pieces
  2057 | D        | Bought a scroll of blinking for 277 gold pieces
  2059 | D        | Bought 2 atropa-tipped darts for 30 gold pieces
  2059 | D        | Bought 2 atropa-tipped darts for 30 gold pieces
  2059 | D        | Bought a scroll of revelation for 127 gold pieces
  2117 | D        | Noticed an alligator snapping turtle
  2127 | D        | Reached skill level 22 in Unarmed Combat
  2138 | D        | Killed an alligator snapping turtle
  2151 | D        | Noticed a merfolk aquamancer
  2181 | D        | Killed a merfolk aquamancer
  2197 | D        | Noticed Grum
  2203 | D        | Killed Grum
  2430 | D        | Noticed a deep elf sorcerer
  2431 | D        | Noticed a deep elf sorcerer
  2431 | D        | Noticed a yellow draconian
  2431 | D        | Noticed a green draconian monk
  2431 | D        | Noticed an ogre mage
  2431 | D        | Noticed a purple draconian shifter
  2434 | D        | Killed a deep elf sorcerer
  2448 | D        | Killed a deep elf sorcerer
  2449 | D        | Reached skill level 23 in Unarmed Combat
  2453 | D        | Noticed a deep elf high priest
  2462 | D        | Killed an ogre mage
  2464 | D        | Killed a green draconian monk
  2465 | D        | Reached skill level 15 in Dodging
  2466 | D        | Killed a yellow draconian
  2469 | D        | Killed a deep elf high priest
  2470 | D        | Reached XP level 13. HP: 32/91 MP: 14/14
  2470 | D        | Noticed an ophan
  2477 | D        | Noticed a balrug
  2479 | D        | Killed an ophan
  2483 | D        | Killed a purple draconian shifter
  2486 | D        | Killed a balrug
  2490 | D        | Noticed a lich
  2495 | D        | Killed a lich
  2496 | D        | Reached skill level 24 in Unarmed Combat
  2498 | D        | Reached skill level 15 in Armour
  2498 | D        | Noticed a lich
  2507 | D        | Noticed Boris
  2509 | D        | Noticed a deep elf demonologist
  2510 | D        | Reached skill level 15 in Fighting
  2512 | D        | Noticed Frances
  2512 | D        | Noticed a shadow dragon
  2514 | D        | Killed a lich
  2517 | D        | Killed a deep elf demonologist
  2526 | D        | HP: 1/92 [something/bolt of cold (35)]
  2526 | D        | Killed from afar by a shadow dragon

Illustrated notes

Levels and vault maps discovered:
D:        pitsprint [storerooms_1, entrance_room_1, metal_vault_4, armoury_1,
          mini_pit_1, grid_room_1, main_hall_1, silver_pit, the_coven_3,
          the_vestibule_1, steel_vault_4, golden_pit, hallway_of_sentries,
          crystal_vault_4, iron_vault_4, final_vault]

Skill      XL: |  1  2  3  4  5  6  7  8  9 10 11 12 13 |
---------------+----------------------------------------+-----
Fighting       | 5 6 8 10 11 12 14 15 | 15.2
Dodging        | 5 6 7 9 10 12 13 15 16 | 16.2
Unarmed Combat | 8 9 10 12 13 17 19 21 23 24 | 24.6
Shapeshifting  | 4 5 6 7 8 9 10 12 | 12.9
Armour         | 3 6 9 10 12 14 15 | 15.4

Action                     |  1- 3 |  4- 6 |  7- 9 | 10-12 | 13-15 || total
---------------------------+-------+-------+-------+-------+-------++-------
  Melee: Unarmed           |    33 |    35 |    65 |   201 |    38 ||   372
         Kick              |     6 |     6 |    18 |    81 |    12 ||   123
         Peck              |     5 |     6 |    19 |    37 |     7 ||    74
         Punch             |       |       |     5 |    38 |     6 ||    49
 Invoke: Call Merchant     |       |       |     1 |     3 |       ||     4
         Potion Petition   |       |       |       |     3 |     1 ||     4
    Use: Potion            |       |     1 |     3 |    16 |     2 ||    22
         Scroll            |       |       |     2 |     4 |       ||     6
   Stab: Invisible         |       |       |     4 |     4 |       ||     8
 Armour: Animal skin       |       |     7 |       |       |       ||     7
         Chain mail        |       |     6 |    30 |    12 |       ||    48
         Plate armour      |       |       |       |    94 |     9 ||   103
  Dodge: Dodged            |       |    19 |    71 |   111 |    11 ||   212

Table legend: (Time is in decaauts)
 A = Elapsed time spent in this place.
 B = Non-inter-level travel time spent in this place.
 C = Inter-level travel time spent in this place.
 D = Time resting spent in this place.
 E = Time spent auto-exploring this place.
 F = Levels seen in this place.
 G = Mean time per level.
                   A        B        C        D        E       F      G
               +--------+--------+--------+--------+--------+-----+--------+
         Total |   2378 |   2314 |     64 |   1162 |      0 |   1 | 2378.0 |
       Dungeon |   2378 |   2314 |     64 |   1162 |      0 |   1 | 2378.0 |
               +--------+--------+--------+--------+--------+-----+--------+

Top non-repeatable levels by time:
       D: 2378 daAuts
